 Dungeon Crawl Stone Soup version 0.30-a0-347-gf58ed5266c (webtiles) character file.

Game seed: 7705680394302052113

1560 purpskrrrp the Grappler (level 8, 0/74 HPs)
             Began as a Troll Fighter on Nov 6, 2022.
             Was a Follower of Makhleb.
             Slain by an orc
             ... wielding a +0 morningstar
              (5 damage)
             ... on level 7 of the Dungeon.
             The game lasted 00:06:49 (4160 turns).

purpskrrrp the Grappler (Troll Fighter)             Turns: 4160, Time: 00:06:49

Health: 0/74       AC:  4    Str: 27    XL:     8   Next: 58%
Magic:  7/7        EV:  8    Int:  4    God:    Makhleb [*.....]
Gold:   288        SH:  0    Dex:  9    Spells: 7/7 levels left

rFire   + . .      SeeInvis .      - Unarmed
rCold   . . .      Faith    .    b - +1 kite shield
rNeg    . . .      Spirit   .    a - +0 robe
rPois   .          Reflect  .    (helmet restricted)
rElec   .          Harm     .    (no cloak)
rCorr   .          Rampage  .    (gloves unavailable)
Will    .....                    (boots unavailable)
Stlth   +.........               r - amulet of the acrobat
HPRegen 1.12/turn                p - ring of protection from fire
MPRegen 0.10/turn                (no ring)

@: confused
A: large, unfitting armour, claws 3, regeneration 1, shaggy fur 1, tough skin 1
a: Renounce Religion


You were on level 7 of the Dungeon.
You worshipped Makhleb.
Makhleb was aware of your devotion.
You visited 2 branches of the dungeon, and saw 9 of its levels.

You collected 288 gold pieces.

Inventory:

Armour
 a - a +0 robe (worn)
 b - a +1 kite shield (worn)
Jewellery
 j - an amulet of magic regeneration
 p - a ring of protection from fire (left claw)
 r - an amulet of the acrobat (around neck)
Scrolls
 d - 2 scrolls of vulnerability
 f - a scroll of noise
 q - 2 scrolls of enchant weapon
 s - a scroll of teleportation
Potions
 c - 3 potions of might
 e - 3 potions of attraction {unknown}
 g - a potion of heal wounds
 h - 4 potions of ambrosia {unknown}
 i - 2 potions of degeneration {unknown}
 k - 2 potions of curing {unknown}
 o - 2 potions of brilliance {unknown}


   Skills:
 - Level 2.4 Fighting
 - Level 2.4 Dodging
 + Level 5.0 Shields
 * Level 10.0 Unarmed Combat


You had 7 spell levels left.
You didn't know any spells.
Your spell library contained the following spells:

 Spells                   Type           Power      Damage    Failure   Level
 Necrotise                Necr           0%         1d4       77%         1
 Hailstorm                Conj/Ice       0%         3d3       98%         3
 Vampiric Draining        Necr           0%         2d6       98%         3
 Ice Form                 Ice/Tmut       0%         N/A       100%        4
 Manifold Assault         Tloc           0%         N/A       100%        4
 Agony                    Necr           0%         N/A       100%        5
 Dispersal                Tloc           0%         N/A       100%        6
 Simulacrum               Ice/Necr       0%         N/A       100%        6
 Disjunction              Tloc           0%         N/A       100%        8


Dungeon Overview and Level Annotations

Branches:
Dungeon (8/15)             Temple (1/1) D:4
   Lair: D:8-11

Altars:
Ashenzari
Cheibriados
Elyvilon
Fedhas
Gozag
Hepliaklqana
Kikubaaqudgha
Makhleb
Nemelex Xobeh
Okawaru
Qazlal
Ru
Sif Muna
Vehumet
Wu Jian
Xom
The Shining One


Innate Abilities, Weirdness & Mutations

You are too large for most types of armour.
You have claws for hands.
Your natural rate of healing is unusually fast.
You are covered in fur. (AC +1)
You have tough skin. (AC +1)


Message History

You are too injured to fight recklessly!
You are too injured to fight recklessly!
You are too injured to fight recklessly!
You are too injured to fight recklessly!
You are too injured to fight recklessly!
You are too injured to fight recklessly!
You are too injured to fight recklessly!
You barely miss something. You block the orc's attack.
Something hits you but does no damage. You block the orc's attack.
The white imp barely misses you.
You closely miss something. You block the orc's attack.
Something hits you but does no damage. You block the orc's attack.
The white imp gestures at you. The puff of frost hits you.
You barely miss something. The orc hits you with a +0 morningstar!
You hear some strange, mumbled words.
A puff of flame appears from out of thin air!
The puff of flame misses you. The orc barely misses you.
The white imp hits you. The white imp freezes you.
You barely miss something. The orc hits you with a +0 morningstar.
* * * LOW HITPOINT WARNING * * *
Something hits you but does no damage. The orc barely misses you.
The white imp hits you.
* * * LOW HITPOINT WARNING * * *
The white imp freezes you.
* * * LOW HITPOINT WARNING * * *
You miss something. You block the orc's attack.
You hear some strange, mumbled words.
You are confused.
The orc closely misses you.
The white imp hits you but does no damage.
You barely miss something. The orc hits you with a +0 morningstar!
* * * LOW HITPOINT WARNING * * *
Something hits you but does no damage. The orc hits you but does no damage.
The white imp hits you.
* * * LOW HITPOINT WARNING * * *
The white imp freezes you.
* * * LOW HITPOINT WARNING * * *
You miss something. The orc hits you with a +0 morningstar.
You die...

#.## ##.#
#..# #.## #>#
# #.#
<.##.####.#
#..$...#..#
#.....†@{##
......5oo.#
..........#
..........#
...........
.........#..
#.......###.<
......... #.#


You could see a white imp and 2 orcs.

Vanquished Creatures
  A wyvern (D:8)
  An orc warrior (D:7)
  2 water moccasins (D:7)
  An ice beast (D:6)
  A sky beast (D:7)
  A black bear (D:5)
  A phantom (D:5)
  2 bullfrogs
  A necrophage (D:6)
  A howler monkey (D:7)
  4 hounds
  2 orc priests (D:7)
  2 jellies
  3 iguanas
  Terence (D:2)
  2 orc wizards
  3 adders
  A shadow imp (D:6)
  A white imp (D:8)
  An ufetubus (D:6)
  2 adder skeletons (D:2)
  2 worms
  2 dart slugs
  8 orcs
  4 bats
  8 endoplasms
  3 giant cockroaches
  6 goblins
  10 hobgoblins
  3 jackals (D:2)
  3 quokkas
  10 ball pythons
  A ball python skeleton (D:2)
  A frilled lizard (D:1)
  3 kobolds
  2 quokka zombies (D:2)
  22 rats
122 creatures vanquished.

Vanquished Creatures (others)
  2 plants (D:7)
2 creatures vanquished.

Grand Total: 124 creatures vanquished

Notes
Turn   | Place    | Note
-------+----------+-------------------------------------------
     0 | D:1      | purpskrrrp the Troll Fighter began the quest for the Orb.
     0 | D:1      | Reached XP level 1. HP: 22/22 MP: 0/0
   136 | D:1      | Reached XP level 2. HP: 29/29 MP: 1/1
   408 | D:1      | Reached skill level 3 in Unarmed Combat
   885 | D:2      | Noticed Terence
   891 | D:2      | Killed Terence
   892 | D:2      | Reached XP level 3. HP: 32/36 MP: 2/2
   895 | D:2      | Reached skill level 4 in Unarmed Combat
  1180 | D:2      | Reached XP level 4. HP: 44/44 MP: 3/3
  1797 | D:3      | Reached skill level 5 in Unarmed Combat
  1908 | D:3      | Reached XP level 5. HP: 47/50 MP: 4/4
  2263 | D:4      | Found a staircase to the Ecumenical Temple.
  2304 | Temple   | Entered the Ecumenical Temple
  2470 | Temple   | Became a worshipper of Makhleb the Destroyer
  2575 | D:4      | Found a broken altar of Ashenzari.
  2625 | D:4      | Found a snail-covered altar of Cheibriados.
  2884 | D:5      | Entered Level 5 of the Dungeon
  2930 | D:5      | Noticed a phantom
  2943 | D:5      | Killed a phantom
  2944 | D:5      | Reached skill level 6 in Unarmed Combat
  2944 | D:5      | Reached XP level 6. HP: 59/59 MP: 5/5
  3096 | D:5      | Identified the +2 helmet of the Hurtling Gods {rC+ Int+2}
  3176 | D:5      | Reached skill level 7 in Unarmed Combat
  3397 | D:6      | Found an opulent altar of Gozag.
  3422 | D:6      | Noticed an ice beast
  3430 | D:6      | Killed an ice beast
  3431 | D:6      | Reached XP level 7. HP: 58/66 MP: 6/6
  3525 | D:6      | Reached skill level 8 in Unarmed Combat
  3841 | D:6      | You fall into a shaft and drop 2 floors!
  3843 | D:8      | Noticed a wyvern
  3853 | D:8      | Killed a wyvern
  3971 | D:8      | Reached XP level 8. HP: 70/74 MP: 7/7
  3983 | D:7      | Reached skill level 9 in Unarmed Combat
  4058 | D:7      | Found a blossoming altar of Fedhas.
  4151 | D:7      | Reached skill level 10 in Unarmed Combat
  4153 | D:7      | Reached * piety under Makhleb
  4154 | D:7      | Reached skill level 5 in Shields
  4160 | D:7      | Slain by an orc

Illustrated notes

Levels and vault maps discovered:
D:1:      psy_arrival_conway, layout_basic
D:2:      layout_loops_ring, serial_undead, serial_undead_b, serial_undead_b,
          serial_undead_c, serial_undead_e, serial_undead_a, serial_undead_b,
          st_stairs_3, minmay_rat_hole, uniq_terence
D:3:      layout_basic
D:4:      layout_basic, kennysheep_slug_shrine, ashenzari_conservatory_becter,
          temple_statues
D:5:      minmay_spotlight, layout_rooms
D:6:      layout_loops_ring, grunt_gozag_breadcrumbs
D:7:      layout_rooms, nicolae_uskayaw_murder_on_the_dancefloor,
          fedhas_ov_isle_minmay, enter_bailey_3
D:8:      layout_cave_pools
Temple:   hellmonk_temple_forest_ring

Skill      XL: |  1  2  3  4  5  6  7  8 |
---------------+-------------------------+-----
Unarmed Combat | 3 4 5 6 7 8 10 | 10.0
Shields        | 3 4 5 |  5.0
Fighting       | |  2.4
Dodging        | |  2.4

Action                   |  1- 3 |  4- 6 |  7- 9 || total
-------------------------+-------+-------+-------++-------
Melee: Unarmed           |    79 |   169 |   117 ||   365
  Use: Scroll            |       |    10 |     2 ||    12
       Potion            |       |       |     1 ||     1
Armor: Robe              |    17 |    52 |    22 ||    91
Dodge: Dodged            |    13 |    54 |    40 ||   107
Block: Kite shield       |    20 |    38 |    51 ||   109

Table legend: (Time is in decaauts)
 A = Elapsed time spent in this place.
 B = Non-inter-level travel time spent in this place.
 C = Inter-level travel time spent in this place.
 D = Time resting spent in this place.
 E = Time spent auto-exploring this place.
 F = Levels seen in this place.
 G = Mean time per level.
                   A        B        C        D        E       F      G
               +--------+--------+--------+--------+--------+-----+--------+
         Total |   4175 |   4085 |     90 |    135 |   3140 |   9 |  463.9 |
       Dungeon |   3996 |   3917 |     79 |    135 |   3002 |   8 |  499.5 |
        Temple |    178 |    167 |     11 |      0 |    138 |   1 |  178.0 |
               +--------+--------+--------+--------+--------+-----+--------+

Top non-repeatable levels by time:
     D:1: 894 daAuts
     D:2: 752 daAuts
     D:3: 621 daAuts
     D:6: 489 daAuts
     D:5: 467 daAuts
     D:4: 454 daAuts
     D:7: 198 daAuts
  Temple: 178 daAuts
     D:8: 118 daAuts
